 Dungeon Crawl Stone Soup version 0.16.1-14-g82efdee (webtiles) character file.

243 karlm the Magician (level 6, 0/49 HPs)
             Began as a Naga Wizard on Apr 11, 2015.
             Slain by Menkaure (13 damage)
             ... on level 4 of the Dungeon.
             The game lasted 00:12:58 (3965 turns).

karlm the Magician (Naga Wizard)                    Turns: 3965, Time: 00:12:58

Health: 0/49       AC:  5    Str:  9    XL:     6   Next: 9%
Magic:  2/13       EV:  9    Int: 20    God:
Gold:   123        SH:  0    Dex: 10    Spells: 5 memorised, 1 level left

rFire  . . .     SeeInvis +     n - +2 short sword (freeze)
rCold  . . .     Clarity  .     a - +0 robe
rNeg   . . .     SustAb   .     (no shield)
rPois  +         Gourm    .     g - +2 hat
rElec  .         Spirit   .     (no cloak)
rCorr  .         Warding  .     (no gloves)
rMut   .         Stasis   .     (no barding)
MR     .....                    (no amulet)
Stlth  ++........               (no ring)
                                (no ring)

@: very slightly contaminated, very slow, not resistant to hostile enchantments,
unstealthy
A: spit poison, see invisible, deformed body, poison resistance, slowness 2, AC
+2
a: Spit Poison


You were on level 4 of the Dungeon.
You were not hungry.

You visited 1 branch of the dungeon, and saw 4 of its levels.

You collected 123 gold pieces.

Inventory:

Hand weapons
 n - a +2 short sword of freezing (weapon)
 z - a +0 blowgun
Missiles
 e - 83 stones (quivered)
 x - 4 tomahawks
 y - 26 poisoned needles
Armour
 a - a +0 robe (worn)
 g - a +2 hat (worn)
Jewellery
 o - a +3 ring of protection {unknown}
Scrolls
 b - a scroll of remove curse
 i - 2 scrolls of magic mapping
 j - 2 scrolls of amnesia
 k - a scroll of teleportation
 l - 2 scrolls of identify
Potions
 m - a potion of berserk rage {unknown}
 p - a potion of ambrosia {unknown}
 q - a potion of poison {unknown}
 s - a potion of cure mutation {unknown}
 u - a potion of haste {unknown}
 w - 2 potions of heal wounds {unknown}
Books
 c - a book of Minor Magic

   Spells                             Type                      Level
   a - Magic Dart                     Conjuration                  1
   b - Blink                          Translocation                2
   c - Call Imp                       Summoning                    2
   d - Repel Missiles                 Charms/Air                   2
   e - Slow                           Hexes                        2
   f - Conjure Flame                  Conjuration/Fire             3
   g - Mephitic Cloud                 Conjuration/Poison/Air       3
 v - a book of Spatial Translocations

   Spells                             Type                      Level
   a - Apportation                    Translocation                1
   b - Blink                          Translocation                2
   c - Shroud of Golubria             Charms/Translocation         2
   d - Portal Projectile              Translocation                3
   e - Teleport Other                 Translocation                3
   f - Passage of Golubria            Translocation                4
Comestibles
 d - 2 bread rations
 f - a meat ration
 h - a beef jerky
 r - a slice of pizza


   Skills:
 - Level 1.5 Dodging
 - Level 3.0 Stealth
 + Level 3.5 Spellcasting
 + Level 3.2 Conjurations
 + Level 3.0 Summonings
 - Level 1.0 Translocations
 * Level 3.0 Fire Magic


You had one spell level left.
You knew the following spells:

 Your Spells              Type           Power        Failure   Level  Hunger
a - Magic Dart            Conj           ###.         3%          1    None
b - Call Imp              Summ           ###.....     10%         2    ##.....
c - Conjure Flame         Conj/Fire      ###.....     14%         3    ###....
d - Mephitic Cloud        Conj/Pois/Air  #.......     30%         3    ###....
e - Blink                 Tloc           N/A          17%         2    ##.....


Dungeon Overview and Level Annotations

Branches:
Dungeon (4/15)
 Temple: D:4-7

Altars:

Annotations:
D:4 Menkaure


Innate Abilities, Weirdness & Mutations

You cannot wear boots.
You can spit poison.
Your serpentine skin is tough (AC +2).
You have supernaturally acute eyesight.
Armour fits poorly on your strangely shaped body.
Your system is resistant to poisons.
You cover ground very slowly.


Message History

Your crimson imp disappears in a puff of smoke!
Your crimson imp hits Menkaure.
Menkaure casts a spell.
Menkaure seems to speed up.
You hit Menkaure.
Menkaure is moderately damaged.
Menkaure calls on the powers of darkness!
Your body is wracked with pain!
* * * LOW HITPOINT WARNING * * *
Your crimson imp hits Menkaure but does no damage.
You hit Menkaure but do no damage.
Menkaure is moderately damaged.
Menkaure hums in an indecipherable tongue.
Menkaure closely misses you.
Your crimson imp hits Menkaure.
Menkaure hits you but does no damage.
You hit Menkaure. You freeze Menkaure.
Menkaure is severely damaged.
Your crimson imp disappears in a puff of smoke!
Menkaure hits you!
You die...

....#**,#.# #..'.#.#
....###.#.# #..#...#
........#.# ##.#.#.#
..g.#***#.# ###...#
###5# #.# #.### #.#
#.# #...#
#.#####.########.#.#
#........)...M§#...#
##############@#.#.#
#.#...# #.#.#.#
#.#...# #.#.###
#...# #####


You could see Menkaure.

Vanquished Creatures
  2 worker ants (D:4)
  2 gnolls (D:3)
  An adder (D:4)
  A giant mite (D:3)
  2 giant geckos
  2 orcs
  2 ball pythons (D:2)
  A giant cockroach (D:1)
  5 goblins
  5 hobgoblins
  A quokka (D:2)
  9 bats
  A giant newt (D:2)
  5 jackals
  A jackal skeleton (D:4)
  10 kobolds
  6 rats
56 creatures vanquished.

Vanquished Creatures (collateral kills)
  A scorpion (D:4)
  2 worker ants (D:4)
  2 adders
  A gnoll (D:3)
  4 worms
  An adder skeleton (D:4)
  3 giant geckos
  5 orcs
  2 bats
  A bat skeleton (D:4)
  A giant cockroach (D:2)
  4 goblins
  5 hobgoblins
  6 jackals (D:3)
  3 kobolds
  A ball python (D:1)
  A giant gecko skeleton (D:4)
  A giant newt (D:1)
  A jackal skeleton (D:4)
  A quokka (D:4)
  A quokka skeleton (D:4)
  3 rats
50 creatures vanquished.

Vanquished Creatures (others)
  A white imp (D:4)
1 creature vanquished.

Grand Total: 107 creatures vanquished

Notes
Turn   | Place    | Note
--------------------------------------------------------------
     0 | D:1      | karlm, the Naga Wizard, began the quest for the Orb.
     0 | D:1      | Reached XP level 1. HP: 15/15 MP: 4/4
   270 | D:1      | Reached XP level 2. HP: 22/22 MP: 3/6
   274 | D:1      | Learned a level 2 spell: Call Imp
   922 | D:1      | Reached XP level 3. HP: 28/28 MP: 4/8
   927 | D:1      | Learned a level 3 spell: Conjure Flame
  1612 | D:2      | Reached skill level 1 in Fire Magic
  1688 | D:2      | Reached XP level 4. HP: 36/36 MP: 5/9
  1713 | D:2      | Learned a level 3 spell: Mephitic Cloud
  2880 | D:3      | Reached XP level 5. HP: 42/42 MP: 6/11
  3737 | D:4      | Reached XP level 6. HP: 49/49 MP: 3/13
  3746 | D:4      | Learned a level 2 spell: Blink
  3930 | D:4      | Noticed Menkaure
  3965 | D:4      | Slain by Menkaure

Action                   |  1- 3 |  4- 6 || total
-------------------------+-------+-------++-------
Melee: Unarmed           |     2 |       ||     2
       Dagger            |     3 |       ||     3
       Short sword       |    20 |    38 ||    58
 Cast: Magic Dart        |    37 |    38 ||    75
       Call Imp          |    14 |    68 ||    82
 Abil: Spit Poison       |    15 |     4 ||    19
  Use: Potion            |       |     2 ||     2
       Scroll            |       |     8 ||     8
 Stab: Sleeping          |     2 |       ||     2
       Distracted        |       |     2 ||     2
  Eat: Chunk             |     4 |    10 ||    14
